 Dungeon Crawl Stone Soup version 0.31-a0-188-g5e087ee2ca (webtiles) character file.

Game seed: 10303388248248593547

247 qw the Skirmisher (level 5, 0/29 HPs)
             Began as a Deep Elf Hunter on June 22, 2023.
             Slain by a gnoll
             ... wielding a +0 club
             ... led by a gnoll bouda
              (6 damage)
             ... on level 3 of the Dungeon.
             The game lasted 00:00:44 (2096 turns).

qw the Skirmisher (Deep Elf Hunter)                 Turns: 2096, Time: 00:00:45

Health: 0/29       AC: 12    Str: 10    XL:     5   Next: 85%
Magic:  7/7        EV: 12    Int: 14    God:
Gold:   189        SH:  0    Dex: 27    Spells: 4/4 levels left

rFire   . . .        Y - +0 orcbow
rCold   . . .        (shield currently unavailable)
rNeg    . . .        e - +3 ring mail
rPois   .            f - +1 hat
rElec   .            (no cloak)
rCorr   .            h - +2 pair of gloves {Dex+3}
SInv    .            (no boots)
Will    +....        (no amulet)
Stlth   ++           i - ring of willpower
HPRegen 0.24/turn    l - +6 ring of dexterity
MPRegen 0.10/turn

%: no passive effects
@: weakened
A: no striking features
a: no special abilities


You were on level 3 of the Dungeon.
You visited 1 branch of the dungeon, and saw 4 of its levels.

You collected 189 gold pieces.


   Skills:
 + Level 1.5 Fighting
 - Level 9.0 Ranged Weapons
 - Level 3.5 Dodging
 - Level 1.2 Stealth


You had 4 spell levels left.
You didn't know any spells.
Your spell library was empty.

Inventory:

Hand Weapons
 Y - a +0 orcbow (weapon)
Armour
 e - a +3 ring mail (worn)
 f - a +1 hat (worn)
 h - a +2 pair of gloves of dexterity (worn)
Jewellery
 i - a ring of willpower (left hand)
 l - a +6 ring of dexterity (right hand)
Scrolls
 k - a scroll of identify
Potions
 b - a potion of might {unknown}
 m - 2 potions of haste

Dungeon Overview and Level Annotations

Branches:
Dungeon (4/15)
 Temple: D:4-7

Altars:
Zin


Message History

The arrow barely misses the gnoll bouda.
The gnoll hits you with a +0 club.
The gnoll bouda hits you with a +0 club!
You shoot an arrow. The arrow hits the gnoll bouda!
The gnoll bouda is moderately wounded.
The gnoll hits you but does no damage.
The gnoll bouda gazes fiercely through you!
You feel as though you will be weak longer.
The gnoll bouda barely misses you.
You shoot an arrow. The arrow hits the gnoll bouda!
The gnoll bouda is almost dead.
The gnoll hits you but does no damage.
The gnoll bouda hits you but does no damage.
The gnoll barely misses you.
You shoot an arrow.
The arrow barely misses the gnoll bouda.
The gnoll bouda hits you with a +0 club.
The gnoll misses you. The gnoll bouda barely misses you.
You shoot an arrow.
The arrow barely misses the gnoll bouda.
The gnoll hits you but does no damage.
The gnoll bouda hits you but does no damage.
You shoot an arrow.
The arrow hits the gnoll bouda but does no damage.
The gnoll bouda is almost dead.
The gnoll hits you but does no damage.
The gnoll bouda hits you with a +0 club!
You shoot an arrow.
The arrow closely misses the gnoll bouda.
The gnoll is no longer moving quickly.
The gnoll barely misses you.
The gnoll bouda barks out a call to the hunt!
The gnoll picks up the pace!
You shoot an arrow. The arrow hits the gnoll bouda!
You kill the gnoll bouda!
The gnoll hits you but does no damage. The gnoll hits you with a +0 club.
Your Ranged Weapons skill increases to level 9!
You shoot an arrow. The arrow hits the gnoll!
The gnoll is almost dead.
The gnoll hits you with a +0 club.
You die...

####################
#......#...........#
#.####.#.#########.# ### #.#
#.....# #.# #.. ##.######.#.#
#.# #.# #.........#.#
###.###.#
########.....@...#####........
#......'....).g........#.###..
##.#..!#......#######..#.###..
#.#...#..................##..
#.#...#.......#########..##..
#.#...#..................#...
#.#...#........#.#.###..##...
#.#...#........#.#.#....##...
#.#...########.#.#...#.......


You could see a gnoll (swift).

Vanquished Creatures
  A scorpion (D:3)
  A gnoll bouda (D:3)
  An orc priest (D:3)
  Ijyb (D:3)
  4 adders
  A gnoll (D:4)
  A worm (D:2)
  4 orcs (D:3)
  4 endoplasms
  3 giant cockroaches
  7 goblins
  4 hobgoblins
  3 jackals (D:3)
  3 kobolds
  3 quokkas
  A ball python (D:3)
  3 bats
  4 frilled lizards
  6 rats
55 creatures vanquished.

Notes
Turn   | Place    | Note
-------+----------+-------------------------------------------
     0 | D:1      | qw the Deep Elf Hunter began the quest for the Orb.
     0 | D:1      | Reached XP level 1. HP: 12/12 MP: 3/3
     0 | D:1      | 0 ||| qw: Version: 0.3-a-9-g12657ce
     0 | D:1      | 0 ||| qw: Game counter: 3027
     0 | D:1      | 0 ||| qw: Always use a shield: true
     0 | D:1      | 0 ||| qw: God list: Okawaru
     0 | D:1      | 0 ||| qw: Allow faded altars: false
     0 | D:1      | 0 ||| qw: Do Orc after D:15 true
     0 | D:1      | 0 ||| qw: Do second Lair branch before Depths: true
     0 | D:1      | 0 ||| qw: Lair rune preference: random
     0 | D:1      | 0 ||| qw: Plans: Normal
     0 | D:1      | 0 ||| PLANNING D:1-11
   225 | D:1      | Reached XP level 2. HP: 16/16 MP: 4/4
   250 | D:1      | Reached skill level 6 in Ranged Weapons
   377 | D:1      | 377 ||| SWAPPING to +0 orcbow.
   378 | D:1      | 378 ||| DROPPING +0 shortbow.
   379 | D:1      | 379 ||| UPGRADING to +3 ring mail.
   389 | D:1      | 389 ||| DROPPING +0 leather armour.
   390 | D:1      | 390 ||| UPGRADING to +1 hat.
   395 | D:1      | 395 ||| DROPPING amulet of magic regeneration.
   396 | D:1      | 396 ||| UPGRADING to ring of willpower.
   397 | D:1      | 397 ||| DROPPING ring of magical power.
   398 | D:1      | 398 ||| UPGRADING to +6 ring of dexterity.
   399 | D:1      | 399 ||| READING scroll labelled DAZADI ZU YNN.
   400 | D:1      | 400 ||| READING scroll labelled TUANGI NYEBBO.
   401 | D:1      | 401 ||| READING 2 scrolls labelled XYKAH PEOBOT.
   402 | D:1      | 402 ||| DRINKING 2 clear potions.
   403 | D:1      | 403 ||| DROPPING scroll of butterflies.
   602 | D:2      | Reached XP level 3. HP: 20/20 MP: 5/5
   670 | D:2      | Reached skill level 7 in Ranged Weapons
  1143 | D:2      | Found a faded altar of an unknown god.
  1144 | D:2      | 1144 ||| UPGRADING to +2 pair of gloves of dexterity.
  1149 | D:2      | 1149 ||| READING scroll labelled DOPUT NAAVI.
  1150 | D:2      | 1150 ||| READING scroll labelled CEJ BEOXUX.
  1151 | D:2      | 1151 ||| READING scroll labelled XOMMABBUFF.
  1155 | D:2      | 1155 ||| READING scroll labelled ARUR ZIDEARENE.
  1191 | D:2      | 1191 ||| READING scroll labelled ETETTO XOEHISMU.
  1292 | D:2      | 1292 ||| READING 2 scrolls of identify.
  1292 | D:2      | 1292 ||| IDENTIFYING lumpy brown potion
  1339 | D:3      | Reached XP level 4. HP: 25/25 MP: 6/6
  1440 | D:3      | Noticed Ijyb
  1443 | D:3      | HP: 5/25 [disintegration (20)]
  1444 | D:3      | 1444 ||| DRINKING potion of heal wounds.
  1448 | D:3      | Killed Ijyb
  1449 | D:3      | Reached skill level 3 in Dodging
  1491 | D:3      | 1491 ||| FLEEEEING.
  1492 | D:3      | 1492 ||| FLEEEEING.
  1493 | D:3      | 1493 ||| FLEEEEING.
  1494 | D:3      | 1494 ||| FLEEEEING.
  1495 | D:3      | 1495 ||| FLEEEEING.
  1496 | D:3      | 1496 ||| FLEEEEING.
  1499 | D:3      | Reached XP level 5. HP: 27/29 MP: 7/7
  1597 | D:3      | Found a glowing silver altar of Zin.
  1694 | D:3      | Reached skill level 8 in Ranged Weapons
  2070 | D:3      | 2070 ||| READING 2 scrolls of identify.
  2070 | D:3      | 2070 ||| IDENTIFYING cyan potion
  2071 | D:3      | 2071 ||| DROPPING potion of berserk rage.
  2085 | D:4      | 2085 ||| STAIRDANCE
  2093 | D:3      | HP: 6/29 [gnoll bouda/+0 club (10)]
  2096 | D:3      | Reached skill level 9 in Ranged Weapons
  2096 | D:3      | Slain by a gnoll

Levels and vault maps discovered:
D:1:      minmay_arrival_up_and_down, layout_rooms, hangedman_decor_opposing
D:2:      layout_loops_ring, shapermc_ecumenical_altar_mp_vishouse
D:3:      layout_basic, zin_scriptorium, serial_park_tiny_2,
          wander_ebering_terrifying_dragon_lair, uniq_ijyb
D:4:      layout_basic, general_overflow_altar,
          nicolae_yredelemnul_ghost_church, lemuel_round_altar,
          uniq_blork_the_orc, uniq_sigmund

Skill      XL: |  1  2  3  4  5 |
---------------+----------------+-----
Ranged Weapons | 6 7 9 |  9.0
Dodging        | 3 |  3.5
Fighting       | |  1.5
Stealth        | |  1.2

Action                     |  1- 3 |  4- 6 || total
---------------------------+-------+-------++-------
   Fire: Shortbow          |    20 |       ||    20
         Orcbow            |    64 |    49 ||   113
    Use: Scroll            |     9 |     1 ||    10
         Potion            |     1 |     1 ||     2
 Armour: Leather armour    |     3 |       ||     3
         Ring mail         |     8 |    19 ||    27
  Dodge: Dodged            |    22 |    10 ||    32

Table legend:
 A = Non-vault XP
 B = Vault XP
 C = Vault XP percentage of total XP
 D = Non-vault monster count
 E = Vault monster count
 F = Vault count percentage of total count
                 A         B        C        D         E       F
            +---------+---------+-------+---------+---------+-------
      Total |     318 |      36 |  10.2 |      53 |       2 |   3.6
            +---------+---------+-------+---------+---------+-------
        D:1 |      16 |       0 |   0.0 |       9 |       0 |   0.0
        D:2 |      77 |       0 |   0.0 |      23 |       0 |   0.0
        D:3 |     211 |      36 |  14.6 |      20 |       2 |   9.1
        D:4 |      14 |       0 |   0.0 |       1 |       0 |   0.0
            +---------+---------+-------+---------+---------+-------
